[Event "Portugal Open 2020"]
[Site "Lisbon"]
[Date "2020.02.01"]
[Round "9.26"]
[White "Veiga, Jose Francisco R P N"]
[Black "Maloberti, David"]
[Result "0-1"]
[ECO "C08"]
[WhiteElo "2312"]
[BlackElo "2017"]
[Annotator "NA"]
[PlyCount "62"]
[EventDate "2020.01.25"]
[EventType "swiss"]
[EventCountry "POR"]
[SourceTitle "playchess.com"]
[Source "ChessBase"]
[SourceQuality "1"]
[TimeControl "5400+30"]

1. e4 e6 2. d4 d5 3. Nd2 c5 4. exd5 exd5 5. Ngf3 Nf6 6. Bb5+ Bd7 7. Qe2+ Be7 8. Ne5 O-O 9. Nxd7 Nbxd7 10. dxc5 Bxc5 11. O-O Re8 12. Qd1 a6 13. Be2 Qe7 14. Bd3 Ne4 15. Nb3 Bb6 $2 ({Don't do} 15... Bxf2+ 16. Kh1 $19) (15... Nxf2 $19 16. Rxf2 Bxf2+ 17. Kxf2 Qh4+ {[%mdl 64] Double Attack} 18. Kf1 Qxh2) 16. c3 Bxf2+ 17. Rxf2 $2 (17. Kh1 Ba7 18. Nd4) 17... Nxf2 18. Kxf2 $19 Qh4+ 19. Kf1 Qxh2 20. Bd2 Re6 21. Be2 Rf6+ 22. Bf3 Ne5 23. Nd4 Re8 24. Be3 Nxf3 25. Nxf3 Rxe3 26. Qxd5 Qd6 27. Qxb7 h6 28. Kg1 Rfxf3 29. gxf3 Qg3+ 30. Kh1 Rxf3 31. Qb8+ Qxb8 0-1

[Event "Portugal Open 2020"]
[Site "Lisbon"]
[Date "2020.02.01"]
[Round "9.27"]
[White "Chkhaidze, Nikoloz"]
[Black "Hulshof, Peter"]
[Result "1-0"]
[ECO "B06"]
[WhiteElo "2288"]
[BlackElo "2192"]
[Annotator "NA"]
[PlyCount "73"]
[EventDate "2020.01.25"]
[EventType "swiss"]
[EventCountry "POR"]
[SourceTitle "playchess.com"]
[Source "ChessBase"]
[SourceQuality "1"]
[TimeControl "5400+30"]

1. d4 g6 2. e4 Bg7 3. Nc3 c6 4. f4 d5 5. e5 Nh6 6. Nf3 f6 7. Be3 O-O 8. Qd2 Bg4 9. Be2 Nf5 10. Bf2 Bh6 11. O-O-O Bxf3 $16 12. Bxf3 fxe5 13. dxe5 e6 14. Kb1 Nd7 15. Rhe1 Nh4 16. Bxh4 Qxh4 17. g3 Qe7 18. Bg4 Rfe8 19. h4 b5 20. Qd3 b4 21. Ne4 Nc5 22. Nxc5 Qxc5 23. h5 Kg7 24. hxg6 hxg6 25. Rh1 Qe7 26. Rh4 Rh8 27. Rdh1 a5 28. Qf1 g5 29. Rh5 gxf4 30. Qh3 Qg5 31. Rxg5+ Bxg5 32. Qg2 Rxh1+ 33. Qxh1 fxg3 34. Qh5 Bh6 35. Bxe6 Rf8 36. a3 bxa3 37. Bf5 1-0

[Event "Portugal Open 2020"]
[Site "Lisbon"]
[Date "2020.02.01"]
[Round "9.28"]
[White "Grabuzova, Tatiana"]
[Black "Correia, Mario"]
[Result "1/2-1/2"]
[ECO "E06"]
[WhiteElo "2284"]
[BlackElo "2133"]
[Annotator "NA"]
[PlyCount "97"]
[EventDate "2020.01.25"]
[EventType "swiss"]
[EventCountry "POR"]
[SourceTitle "playchess.com"]
[Source "ChessBase"]
[SourceQuality "1"]
[TimeControl "5400+30"]

1. d4 Nf6 2. c4 e6 3. g3 d5 4. Nf3 Be7 5. Bg2 O-O 6. Nc3 c6 7. O-O Nbd7 8. Qc2 b6 9. Rd1 Bb7 10. b3 Rc8 11. e4 dxe4 12. Nxe4 {[%emt 0:00:11] E08: Closed Catalan: Main Line: 7 Qc2} h6 13. Bf4 Nxe4 14. Qxe4 Nf6 15. Qc2 Bd6 16. Bxd6 Qxd6 17. c5 {[%emt 0:00:02] [#]} Qc7 $146 ({Predecessor:} 17... bxc5 18. dxc5 Qc7 19. Nd2 Rfd8 20. Nc4 Rxd1+ 21. Rxd1 Rd8 22. b4 Rxd1+ 23. Qxd1 Nd5 {1-0 (63) Konopka,M (2410)-Kalivoda,J (2210) Czechia 1997}) 18. Ne5 bxc5 19. Qxc5 Qb6 20. Qxb6 axb6 21. Nc4 Nd5 (21... b5 $16) 22. Bxd5 cxd5 23. Nxb6 Rc6 $18 24. Nd7 Ra8 25. Nc5 Ba6 26. Rd2 f6 27. b4 Bc4 28. a4 e5 29. b5 Bxb5 30. a5 Bc4 31. Nd3 Rca6 32. dxe5 fxe5 33. Nxe5 Rxa5 34. Rxa5 Rxa5 35. Rb2 Bb5 36. Rc2 Ra1+ 37. Kg2 Re1 38. f4 d4 39. h4 Kf8 40. Rd2 Re2+ 41. Rxe2 Bxe2 42. Kf2 Bb5 43. Kf3 Ke7 44. Ke4 Kf6 45. g4 Be2 46. Kxd4 Bxg4 47. Nxg4+ Kf5 48. Nxh6+ Kxf4 49. Nf7 {[%emt 0:00:12] Ke5+ Ke4+} 1/2-1/2

[Event "Portugal Open 2020"]
[Site "Lisbon"]
[Date "2020.02.01"]
[Round "9.29"]
[White "Gahan M G"]
[Black "Saltao, Joao Miguel Ramos"]
[Result "1/2-1/2"]
[ECO "C00"]
[WhiteElo "2245"]
[BlackElo "1912"]
[Annotator "NA"]
[PlyCount "115"]
[EventDate "2020.01.25"]
[EventType "swiss"]
[EventCountry "POR"]
[SourceTitle "playchess.com"]
[Source "ChessBase"]
[SourceQuality "1"]
[TimeControl "5400+30"]

1. e4 e6 2. b3 d5 3. Bb2 dxe4 4. Nc3 Nf6 5. Qe2 Bd7 6. Nxe4 Nxe4 7. Qxe4 Bc6 8. Qe3 Qd5 9. O-O-O Nd7 10. Nf3 Qa5 11. Kb1 Bxf3 12. Qxf3 c6 13. h4 Rd8 14. h5 h6 15. Rh4 Nf6 16. Bxf6 gxf6 17. Qxf6 Rg8 18. Re4 $11 Qxh5 19. Rde1 Be7 20. Qc3 Qc5 21. Qxc5 Bxc5 22. R1e2 Rd4 23. Rxd4 Bxd4 24. c3 Bb6 25. d4 Ke7 26. Re4 Rg6 27. Kc2 Kd6 28. b4 Bd8 29. g3 h5 30. Bd3 Rh6 31. Re3 Rf6 32. Re2 Rh6 33. Re3 Rf6 34. f3 h4 35. gxh4 Rf4 36. h5 Rh4 37. f4 Rxh5 38. Rg3 Bf6 39. Kb3 b5 40. a4 a6 41. Be4 Rh4 42. Rf3 Bh8 43. Rf1 Rh3 44. Bf3 Bf6 45. axb5 axb5 46. Kc2 Bh4 47. Kd3 f6 48. Ke4 f5+ 49. Ke3 Rh2 50. Ra1 Rc2 51. Kd3 Rf2 52. Bh1 Rh2 53. Bf3 Rf2 54. Ke3 Rc2 55. Kd3 Rf2 56. Bh5 Bg3 57. Be2 Bxf4 58. Rf1 1/2-1/2

[Event "Portugal Open 2020"]
[Site "Lisbon"]
[Date "2020.02.01"]
[Round "9.30"]
[White "Atakay, Mustafa"]
[Black "Corbalan Gomez, Juan Jose"]
[Result "0-1"]
[ECO "A40"]
[WhiteElo "1886"]
[BlackElo "2243"]
[Annotator "NA"]
[PlyCount "108"]
[EventDate "2020.01.25"]
[EventType "swiss"]
[EventCountry "POR"]
[SourceTitle "playchess.com"]
[Source "ChessBase"]
[SourceQuality "1"]
[TimeControl "5400+30"]

1. d4 Nf6 2. c4 e6 3. g3 c5 4. d5 exd5 5. cxd5 b5 6. e4 Nxe4 7. Qe2 Qe7 8. Bg2 f5 9. Be3 Bb7 (9... b4 $11) 10. Nc3 b4 $16 11. Nb5 Kd8 12. f3 Nd6 13. Nxd6 Qxd6 14. Bg5+ Be7 15. Bxe7+ Qxe7 16. f4 Re8 17. Qxe7+ Rxe7+ 18. Kf2 d6 19. Nf3 Nd7 20. Rhe1 Nf8 21. Ng5 Rc8 22. Bh3 h6 23. Nf3 g6 24. g4 fxg4 25. Bxg4 Rcc7 26. Rad1 Rxe1 27. Nxe1 Rf7 28. Kg3 a5 29. Nc2 Re7 30. h4 h5 31. Bf3 Bc8 32. Kf2 Rf7 33. Kg3 Rc7 34. Ne3 c4 35. f5 c3 36. b3 a4 37. Be4 gxf5 38. Nxf5 Bxf5 39. Bxf5 axb3 40. axb3 Nd7 41. Kf4 Nc5 42. Rd4 Rf7 43. Kg5 Nxb3 44. Rxb4 Rxf5+ 45. Kxf5 c2 46. Rc4 c1=Q 47. Rxc1 Nxc1 48. Kg5 Ke7 49. Kxh5 Kf6 50. Kg4 Ne2 51. h5 Nc3 52. h6 Nxd5 53. h7 Kg7 54. Kf5 Nc7 0-1

[Event "Portugal Open 2020"]
[Site "Lisbon"]
[Date "2020.02.01"]
[Round "9.31"]
[White "Hill, Alistair"]
[Black "Xu, Yang"]
[Result "1-0"]
[ECO "E94"]
[WhiteElo "2217"]
[BlackElo "2359"]
[Annotator "NA"]
[PlyCount "93"]
[EventDate "2020.01.25"]
[EventType "swiss"]
[EventCountry "POR"]
[SourceTitle "playchess.com"]
[Source "ChessBase"]
[SourceQuality "1"]
[TimeControl "5400+30"]

1. c4 g6 2. d4 Bg7 3. e4 d6 4. Nf3 Nd7 5. Nc3 e5 6. Be2 Ngf6 7. O-O O-O 8. Qc2 c6 9. d5 c5 10. a3 Nh5 11. g3 Ndf6 12. Rb1 Bh3 13. Re1 h6 14. b4 $16 Nd7 15. Kh1 Bg4 16. h3 Bxf3+ 17. Bxf3 Nhf6 18. Kg2 b6 19. Be3 Ne8 20. Bg4 h5 21. Be2 Kh7 22. Qd2 Bf6 23. Rb3 Ng7 24. Reb1 Be7 25. f4 cxb4 26. axb4 f5 27. c5 exf4 28. gxf4 fxe4 29. Nxe4 Nf6 30. Ng5+ Kg8 31. c6 Nh7 32. Ne6 Nxe6 33. dxe6 Rf6 34. Bf3 Qc7 35. Bd4 Raf8 36. Bxf6 Rxf6 37. Rg1 d5 38. Kh1 g5 39. Bxd5 Rxf4 40. Rf3 Rxf3 41. Bxf3 Qe5 42. Qd5 Qc7 43. Be4 Nf6 44. Qxg5+ Kf8 45. Qg7+ Ke8 46. Qh8+ Bf8 47. Qxf6 1-0

[Event "Portugal Open 2020"]
[Site "Lisbon"]
[Date "2020.02.01"]
[Round "9.32"]
[White "Rodriguez Lopez, Rafael"]
[Black "Botelho, Luis Miguel Rodrigue"]
[Result "1-0"]
[ECO "B36"]
[WhiteElo "2212"]
[BlackElo "1987"]
[Annotator "NA"]
[PlyCount "137"]
[EventDate "2020.01.25"]
[EventType "swiss"]
[EventCountry "POR"]
[SourceTitle "playchess.com"]
[Source "ChessBase"]
[SourceQuality "1"]
[TimeControl "5400+30"]

1. e4 c5 2. Nf3 g6 3. d4 cxd4 4. Nxd4 Nc6 5. c4 Nf6 6. Nc3 d6 7. f3 Nxd4 8. Qxd4 Bg7 9. Be3 O-O 10. Qd2 Be6 11. Rc1 Qa5 12. Be2 Rfc8 13. b3 {[%emt 0:00:06] [#]} Qb4 $146 {[%emt 0:04:40] B36: Sicilian: Maroczy Bind: Gurgenidze System} ({Predecessor:} 13... a6 14. Na4 Qxd2+ 15. Kxd2 Nd7 16. g4 Rcb8 17. Nc3 {½-½ (17) Dominguez Perez,L (2758)-Duda,J (2758) Moscow 2019}) 14. g4 Nd7 15. Nd5 Qxd2+ 16. Kxd2 Kf8 17. Rhd1 a5 18. Ke1 Rc6 19. h3 Nc5 20. Rb1 Na6 21. a3 Bxd5 22. exd5 Rcc8 23. Kf1 Nc5 24. Rd2 a4 25. b4 Nb3 26. Rdd1 Ke8 27. Kf2 Kd7 28. Bb6 $14 Ra6 29. c5 Rxb6 30. cxb6 Rc2 31. Kf1 Nd2+ 32. Rxd2 Rxd2 33. Bb5+ Kd8 34. Rc1 Rxd5 35. Bxa4 Bd4 36. Rc7 Bxb6 37. Rxb7 Bc7 38. Ra7 Bb6 39. Rd7+ Kc8 40. Rxe7 Rd3 41. Rxf7 Rxa3 42. Bc6 Ra7 43. Rxa7 Bxa7 44. Ke2 Kc7 45. Bd5 Kd7 46. Kd3 Ke7 47. g5 Bf2 48. f4 Kf8 49. Ke4 Kg7 50. b5 Ba7 51. Kf3 Bb6 52. Kg4 Ba7 53. h4 Be3 54. Be6 Kh8 55. Kf3 Bc5 56. Bg4 Kg7 57. Bd7 Kf7 58. Kg4 Ke7 59. Bc6 Ke6 60. Be4 Kf7 61. h5 Kg7 62. hxg6 hxg6 63. f5 gxf5+ 64. Kxf5 Kf7 65. g6+ Ke7 66. Bd5 Bd4 67. b6 Kd7 68. b7 Kc7 69. Ke6 1-0

[Event "Portugal Open 2020"]
[Site "Lisbon"]
[Date "2020.02.01"]
[Round "9.33"]
[White "Jaracz, Barbara"]
[Black "Heid, Michael"]
[Result "1/2-1/2"]
[ECO "B06"]
[WhiteElo "2200"]
[BlackElo "1953"]
[Annotator "NA"]
[PlyCount "64"]
[EventDate "2020.01.25"]
[EventType "swiss"]
[EventCountry "POR"]
[SourceTitle "playchess.com"]
[Source "ChessBase"]
[SourceQuality "1"]
[TimeControl "5400+30"]

1. e4 g6 2. d4 Bg7 3. Nc3 d6 4. Be3 a6 5. Qd2 b5 6. h4 Nf6 7. f3 Nbd7 8. O-O-O b4 9. Nce2 a5 10. Bh6 Bxh6 11. Qxh6 a4 12. Nh3 Ra5 13. Ng5 Ba6 $14 14. Nf4 Bxf1 15. Rhxf1 b3 16. a3 bxc2 17. Rd2 Qb8 18. Rxc2 c5 19. h5 gxh5 20. Nxh5 Nxh5 21. Qxh5 Qb3 22. d5 Rf8 23. Kb1 Nf6 24. Qh3 Ra8 25. Nxh7 Nxh7 26. Qxh7 Rb8 27. f4 Qxa3 28. e5 c4 29. Qf5 Qd3 30. Qxd3 cxd3 31. Rc3 Rg8 32. Rf2 Rg3 1/2-1/2

[Event "Portugal Open 2020"]
[Site "Lisbon"]
[Date "2020.02.01"]
[Round "9.34"]
[White "Cordeiro, Joao Carlos Santos F"]
[Black "Palozza, Christian"]
[Result "0-1"]
[ECO "B15"]
[WhiteElo "2005"]
[BlackElo "2198"]
[Annotator "ChessBase"]
[PlyCount "138"]
[EventDate "2020.01.25"]
[EventType "swiss"]
[EventCountry "POR"]
[SourceTitle "playchess.com"]
[Source "ChessBase"]
[SourceQuality "1"]
[TimeControl "5400+30"]

1. e4 c6 2. d4 d5 3. Nc3 dxe4 4. Nxe4 Nf6 5. Nxf6+ exf6 6. c3 Bd6 7. Bd3 O-O 8. Be3 Re8 9. Ne2 Nd7 10. Qc2 Nf8 11. O-O-O Be6 12. Kb1 Qa5 13. c4 Rac8 14. b3 b5 15. c5 Bb8 16. Nf4 Bg4 17. Rdg1 Bxf4 18. Bxf4 Be6 19. Be3 Qc7 20. h4 h5 21. Bf5 Qd7 22. Bxe6 Qxe6 23. Qe2 Qe4+ 24. Qc2 Qd5 25. Qd1 Re4 26. Qd2 Rce8 27. Re1 f5 28. f3 R4e6 29. Bf2 Nd7 30. Kc2 Nf8 31. Rxe6 Nxe6 32. Re1 f6 33. Rd1 Rd8 34. a3 a5 35. Qc3 Kf7 36. Rd2 Ra8 37. Bg3 a4 38. b4 f4 39. Bf2 Rd8 40. Kb2 Qf5 41. Qc2 Kg6 42. Qxf5+ Kxf5 43. Kc3 Rd5 44. Rd1 Rd7 45. Rh1 Nc7 46. Re1 Re7 47. Rxe7 Nd5+ 48. Kd3 Nxe7 49. Be1 Nd5 50. Bf2 g5 51. Be1 Ne3 52. g3 Nd5 53. hxg5 fxg5 54. Bf2 fxg3 55. Bxg3 h4 56. Bh2 g4 57. fxg4+ Kxg4 58. Ke4 h3 59. Ke5 Nxb4 60. Kd6 Nc2 61. d5 b4 62. dxc6 Nd4 63. Kd5 Nxc6 64. Kxc6 bxa3 65. Kd7 a2 66. Be5 h2 67. c6 h1=Q 68. c7 Qd5+ 69. Bd6 a1=Q 0-1

[Event "Portugal Open 2020"]
[Site "Lisbon"]
[Date "2020.02.01"]
[Round "9.35"]
[White "Morais, Vitor"]
[Black "Krzywda, Andrzej"]
[Result "0-1"]
[ECO "A13"]
[WhiteElo "1864"]
[BlackElo "2178"]
[Annotator "NA"]
[PlyCount "98"]
[EventDate "2020.01.25"]
[EventType "swiss"]
[EventCountry "POR"]
[SourceTitle "playchess.com"]
[Source "ChessBase"]
[SourceQuality "1"]
[TimeControl "5400+30"]

1. c4 e6 2. Nc3 d5 3. e3 Nf6 4. Nf3 Be7 5. d4 O-O 6. Bd3 b6 7. cxd5 exd5 8. O-O Ba6 9. Ne5 c5 10. b3 Qc7 11. Bb2 Bxd3 12. Qxd3 Nbd7 13. f4 Rad8 (13... Qb7 $11) 14. Rac1 $11 (14. Nb5 $5 Qb7 15. Nxa7 $14) 14... Qb7 15. Rc2 Ne4 16. g4 f6 17. Nxd7 Qxd7 18. Nxe4 dxe4 19. Qxe4 Qxg4+ 20. Rg2 Qd7 21. Kh1 Rfe8 22. Rfg1 Bf8 23. Qf3 Qf5 24. dxc5 bxc5 25. e4 Rxe4 26. Bxf6 Rxf4 27. Qxf4 Qxf4 28. Bxd8 Qf3 29. Bc7 h6 30. Bg3 Be7 31. h3 Bf6 32. Kh2 Bd4 33. Re1 a5 34. Rge2 Kh7 35. Rc2 h5 36. h4 Be3 37. Rce2 Bf4 38. Bxf4 Qxf4+ 39. Kg2 Qg4+ 40. Kf2 Qxh4+ 41. Ke3 Qd4+ 42. Kf3 g6 43. Re7+ Kh6 44. R1e4 Qd3+ 45. Kf4 h4 46. Ke5 g5 47. Re6+ Kh5 48. Rc4 h3 49. Re8 h2 {[%emt 0:01:28] Kd4} 0-1

[Event "Portugal Open 2020"]
[Site "Lisbon"]
[Date "2020.02.01"]
[Round "9.37"]
[White "Silich, Yahor"]
[Black "Twardowski, Hubert"]
[Result "1/2-1/2"]
[ECO "B19"]
[WhiteElo "2158"]
[BlackElo "1875"]
[Annotator "NA"]
[PlyCount "108"]
[EventDate "2020.01.25"]
[EventType "swiss"]
[EventCountry "POR"]
[SourceTitle "playchess.com"]
[Source "ChessBase"]
[SourceQuality "1"]
[TimeControl "5400+30"]

1. e4 c6 2. d4 d5 3. Nd2 dxe4 4. Nxe4 Bf5 5. Ng3 Bg6 6. h4 h6 7. Nf3 Nd7 8. h5 Bh7 9. Bd3 Bxd3 10. Qxd3 e6 11. Bd2 Qc7 12. O-O-O O-O-O 13. Kb1 Ngf6 14. Ne4 Nxe4 15. Qxe4 Nf6 16. Qe2 Bd6 17. c4 c5 18. Bc3 Rhe8 19. Ne5 Bxe5 20. dxe5 Nd7 21. Qe4 f5 22. exf6 Nxf6 23. Qe2 Rxd1+ 24. Rxd1 Qf4 25. Qd3 Qf5 26. Bxf6 gxf6 27. g4 Qxd3+ 28. Rxd3 Rg8 29. Rf3 Rxg4 30. Rxf6 Rxc4 31. Rxe6 Rf4 32. Rxh6 Rxf2 33. Rg6 Rh2 34. h6 Kc7 35. a4 b6 36. Rg7+ Kc6 37. h7 a6 38. Ra7 a5 39. b3 Kd6 40. Rb7 Kc6 41. Rg7 Kd6 42. Kc1 Kd5 43. Kd1 Kd4 44. Rb7 Kd3 45. Ke1 Kc3 46. Rxb6 Rxh7 47. Rb5 c4 48. bxc4 Kxc4 49. Rxa5 Kb4 50. Ra8 Rh2 51. a5 Kb5 52. Kd1 Rh6 53. a6 Rxa6 54. Rxa6 Kxa6 1/2-1/2

[Event "Portugal Open 2020"]
[Site "Lisbon"]
[Date "2020.02.01"]
[Round "9.38"]
[White "Garcia Dorado, Alberto"]
[Black "Pfeiffer, Noah"]
[Result "1-0"]
[ECO "E67"]
[WhiteElo "2152"]
[BlackElo "1825"]
[Annotator "NA"]
[PlyCount "67"]
[EventDate "2020.01.25"]
[EventType "swiss"]
[EventCountry "POR"]
[SourceTitle "playchess.com"]
[Source "ChessBase"]
[SourceQuality "1"]
[TimeControl "5400+30"]

1. Nf3 g6 2. c4 Bg7 3. d4 Nf6 4. g3 O-O 5. Bg2 d6 6. Nc3 Nbd7 7. O-O c6 8. h3 Qc7 9. e4 e5 10. Be3 exd4 11. Nxd4 Re8 12. Qc2 Nc5 13. Rfe1 a5 14. Rad1 Nfd7 15. f4 Nb6 16. Ndb5 cxb5 17. Nxb5 Qe7 18. Nxd6 Nbd7 19. Nxe8 Qxe8 20. e5 Ra6 21. Qf2 Bf8 22. Bd5 Ne6 23. g4 Ng7 24. Bd4 Bb4 25. Rf1 a4 26. Rd3 Ne6 27. Be3 Ndc5 28. Rdd1 Nd7 29. a3 Ba5 30. f5 Nd8 31. Bd4 Nf8 32. e6 fxe6 33. fxe6 Rxe6 34. Qf6 1-0

[Event "Portugal Open 2020"]
[Site "Lisbon"]
[Date "2020.02.01"]
[Round "9.39"]
[White "Jorge, Rita Maria Osorio"]
[Black "Borges, Guilherme Deola"]
[Result "1-0"]
[ECO "B40"]
[WhiteElo "1932"]
[BlackElo "2134"]
[Annotator "NA"]
[PlyCount "76"]
[EventDate "2020.01.25"]
[EventType "swiss"]
[EventCountry "POR"]
[SourceTitle "playchess.com"]
[Source "ChessBase"]
[SourceQuality "1"]
[TimeControl "5400+30"]

1. e4 c5 2. Nf3 e6 3. d3 Nc6 4. g3 Nge7 5. Bg2 g6 6. c3 Bg7 7. h4 h6 8. Be3 b6 9. d4 cxd4 10. Nxd4 O-O 11. O-O $11 Bb7 12. Nxc6 Bxc6 13. Qd6 f5 14. Nd2 fxe4 15. Nxe4 Nf5 16. Qd3 d5 17. Nd2 Qf6 18. Nb3 Rad8 19. Nd4 Bb7 20. Nxf5 gxf5 21. f4 Qg6 22. Kh2 Kh7 23. Bd4 Rg8 24. Rf3 Bf8 25. Re3 Bd6 26. Qd2 Rde8 27. Qf2 Ba6 28. Bf1 Bb7 29. a4 Bc7 30. Bb5 Re7 31. Rae1 Bb8 32. Bd3 Bc6 33. Qc2 Ree8 34. b3 Qg4 35. Qf2 Qg6 36. Be5 Bxe5 37. Rxe5 Rg7 38. Rg1 Qf6 1-0

[Event "Portugal Open 2020"]
[Site "Lisbon"]
[Date "2020.02.01"]
[Round "9.40"]
[White "Quintino, Luis Filipe Pires De"]
[Black "Tuerk, Philipp"]
[Result "1-0"]
[ECO "A40"]
[WhiteElo "1839"]
[BlackElo "2106"]
[Annotator "NA"]
[PlyCount "89"]
[EventDate "2020.01.25"]
[EventType "swiss"]
[EventCountry "POR"]
[SourceTitle "playchess.com"]
[Source "ChessBase"]
[SourceQuality "1"]
[TimeControl "5400+30"]

1. d4 e6 2. c4 c5 3. Nf3 Nf6 4. Nc3 cxd4 5. Nxd4 Bb4 6. Bd2 Nc6 7. Nxc6 dxc6 8. a3 Be7 9. e3 e5 10. Qc2 Bg4 11. Be2 Qd7 12. h3 Bf5 13. e4 Bg6 14. Be3 O-O 15. Rd1 $11 Qe6 16. O-O a5 17. f3 Nh5 18. Na4 Nf4 19. Kh2 Bh4 20. Bxf4 exf4 21. Nc5 Qe7 22. Nd7 Rfd8 23. Nb6 Rab8 24. Rxd8+ Rxd8 25. c5 Rd4 26. Rd1 Bf2 27. Rxd4 Bxd4 28. b4 Qh4 29. Qd1 Qf2 30. Bc4 h5 31. Qf1 Qb2 32. Qd1 Kh7 33. Nd7 Kg8 34. Nb6 Qc3 35. Bf1 axb4 36. axb4 Qxb4 37. Qa4 Bxc5 38. Qa8+ Kh7 39. Nd7 Bd6 40. e5 Be7 41. Qe8 Bf5 42. Qxf7 Bg6 43. Bd3 Bxd3 44. Nf6+ Bxf6 45. exf6 1-0

[Event "Portugal Open 2020"]
[Site "Lisbon"]
[Date "2020.02.01"]
[Round "9.41"]
[White "Fernandes, Ricardo Paulos"]
[Black "Fanha, Paulo"]
[Result "1-0"]
[ECO "A06"]
[WhiteElo "2100"]
[BlackElo "1766"]
[Annotator "NA"]
[PlyCount "83"]
[EventDate "2020.01.25"]
[EventType "swiss"]
[EventCountry "POR"]
[SourceTitle "playchess.com"]
[Source "ChessBase"]
[SourceQuality "1"]
[TimeControl "5400+30"]

1. Nf3 d5 2. g3 e6 3. Bg2 f5 4. d3 c6 5. O-O Nf6 6. Nbd2 Bd6 7. Re1 O-O 8. c4 e5 9. e4 fxe4 10. dxe4 d4 11. Rf1 Qe8 12. Ne1 c5 13. Nd3 Nc6 14. a3 Bg4 15. f3 Be6 16. b3 Qd7 $11 (16... Qh5 $17) 17. f4 Bh3 18. f5 Bxg2 19. Kxg2 b6 20. Qe2 Kf7 21. g4 h6 22. Nf3 Nxg4 23. Ng5+ hxg5 24. Qxg4 Be7 25. Qh5+ Kg8 26. Rf3 Qe8 27. Qg4 a5 28. Rg3 Qf7 29. a4 Rad8 30. Bxg5 Bxg5 31. Qxg5 Rd6 32. Rg1 Qf6 33. Kf3 Qxg5 34. Rxg5 Rf7 35. h4 Kf8 36. h5 Rh6 37. Kg4 Rd6 38. Kh4 Rdf6 39. Rg6 Re7 40. h6 Rxg6 41. Rxg6 gxh6 42. Rxc6 1-0

[Event "Portugal Open 2020"]
[Site "Lisbon"]
[Date "2020.02.01"]
[Round "9.42"]
[White "Sakthivel Heamish Kanha"]
[Black "Fernandes, Joao Pedro Murtinho"]
[Result "1/2-1/2"]
[ECO "B32"]
[WhiteElo "1584"]
[BlackElo "2099"]
[Annotator "NA"]
[PlyCount "56"]
[EventDate "2020.01.25"]
[EventType "swiss"]
[EventCountry "POR"]
[SourceTitle "playchess.com"]
[Source "ChessBase"]
[SourceQuality "1"]
[TimeControl "5400+30"]

1. e4 c5 2. Nf3 Nc6 3. d4 cxd4 4. Nxd4 Qb6 5. Nxc6 bxc6 6. Bd3 Nf6 7. O-O e5 8. c4 Be7 9. Nc3 d6 10. h3 O-O 11. Qe2 Be6 12. Be3 Qb7 13. Rad1 Rad8 14. f4 $11 exf4 15. Bxf4 Nd7 16. b3 Ne5 17. Bc2 Rfe8 18. Qf2 Ng6 19. Bg3 h5 20. Kh1 h4 21. Bh2 Bf6 22. Ne2 Be5 23. Nf4 Nxf4 24. Bxf4 Qe7 25. Qe3 Bf6 26. Qd3 Be5 27. Qe3 Bf6 28. Qd3 Be5 1/2-1/2